 Dungeon Crawl Stone Soup version 0.22.0-38-g04b72b8 (webtiles) character file.

9620 teukkam the Fighter (level 11, -7/157 HPs)
             Began as a Minotaur Berserker on Aug 21, 2018.
             Was a High Priest of Trog.
             Mangled by a death yak (9 damage)
             ... on level 2 of the Lair of Beasts on Aug 30, 2018.
             The game lasted 00:38:38 (9937 turns).

teukkam the Fighter (Minotaur Berserker)            Turns: 9937, Time: 00:38:38

Health: -7/157     AC:  7    Str: 30    XL:     11   Next: 25%
Magic:  10/10      EV: 12    Int:  4    God:    Trog [*****.]
Gold:   725        SH:  4    Dex: 10    Spells: 10/10 levels left

rFire    . . .     SeeInvis .   a - +0 scimitar (flame)
rCold    . . .     Gourm    .   (no shield)
rNeg     . . .     Faith    .   S - +0 troll leather armour
rPois    .         Spirit   .   Y - +1 hat
rElec    .         Reflect  .   P - +0 cloak
rCorr    .         Harm     .   D - +0 pair of gloves
MR       +....                  (no boots)
Stlth    ..........             (no amulet)
HPRegen  0.76/turn              O - ring of protection from magic
MPRegen  0.12/turn              (no ring)

@: berserking, very quick
A: retaliatory headbutt, horns 2, talons 1, large bone plates 1, wild magic 2,
evolution 1
a: Berserk, Trog's Hand, Brothers in Arms, Renounce Religion


You were on level 2 of the Lair of Beasts.
You worshipped Trog.
Trog was extremely pleased with you.
You were not hungry.

You visited 2 branches of the dungeon, and saw 13 of its levels.
You also visited: Ossuary.

You collected 845 gold pieces.
You spent 120 gold pieces at shops.

Inventory:

Hand Weapons
 a - a +0 scimitar of flaming (weapon)
 b - a +3 hunting sling of freezing
 k - a +0 hand axe
 B - a +0 whip of draining
 H - a +1 dagger of chaos
 M - a +1 flail of crushing
 R - a +0 blowgun
Missiles
 e - 2 tomahawks of returning
 f - 68 poisoned needles
 v - 3 curare-tipped needles
 A - 223 stones
 C - 14 needles of frenzy
 E - 93 arrows
 G - 116 sling bullets
 K - a throwing net (quivered)
Armour
 n - the +1 robe of the Four People {rPois Int-3 SInv}
   (You found it on level 7 of the Dungeon)

   It affects your intelligence (-3).
   It protects you from poison.
   It lets you see invisible.
 D - a +0 pair of gloves (worn)
 N - a +0 chain mail of fire resistance
 P - a +0 cloak (worn)
 S - a +0 troll leather armour (worn)
 Y - a +1 hat (worn)
Jewellery
 O - a ring of protection from magic (left hand)
Wands
 d - a wand of enslavement (11)
 m - a wand of flame (27)
 F - a wand of digging (22)
 I - a wand of acid (7)
 Q - a wand of clouds (6)
 V - a wand of iceblast (4)
 W - a wand of paralysis (15)
Scrolls
 g - 7 scrolls of identify
 h - a scroll of enchant armour {unknown}
 o - 3 scrolls of blinking
 t - 4 scrolls of enchant weapon {unknown}
 u - 3 scrolls of remove curse {unknown}
 y - 3 scrolls of amnesia {unknown}
 z - 9 scrolls of teleportation {unknown}
 J - 2 scrolls of random uselessness {unknown}
 T - 2 scrolls of summoning {unknown}
 U - 3 scrolls of torment {unknown}
 Z - a scroll of fear
Potions
 i - 4 potions of brilliance
 j - a potion of lignification
 l - 2 potions of magic
 q - 4 potions of heal wounds
 r - a potion of cancellation
 s - 7 potions of curing
 w - 2 potions of berserk rage {unknown}
 x - 3 potions of flight
 L - a potion of resistance
 X - 2 potions of haste {unknown}
Comestibles
 c - 22 rations


   Skills:
 + Level 12.6 Fighting
 + Level 9.0 Long Blades
 - Level 4.3(6.8) Axes
 - Level 8.3(8.8) Maces & Flails
 + Level 10.6 Slings
 - Level 2.4 Armour
 - Level 2.1 Dodging


You had 10 spell levels left.
You didn't know any spells.
Your spell library was empty.

Dungeon Overview and Level Annotations

Branches:
Dungeon (10/15)            Temple (0/1) D:5            Lair (3/6) D:10
  Swamp: Lair:2-4    Shoals: Lair:2-4     Snake: Lair:2-4    Spider: Lair:2-4
    Orc: D:9-12

Altars:
Dithmenos
Elyvilon
Makhleb
Trog
Vehumet
Wu Jian
Zin
Jiyva

Shops:
D:6 [   D:7 :

Annotations:
Lair:3 Sonja


Innate Abilities, Weirdness & Mutations

You reflexively headbutt those who attack you in melee.
You have a pair of horns on your head.
You have sharp toenails.
You are partially covered in large bone plates. (SH +4)
Your spells are harder to cast, but more powerful.
You evolve.


Message History

The death yak gores you!!
* * * LOW HITPOINT WARNING * * *
The death yak closely misses you. The wolf bites you.
* * * LOW HITPOINT WARNING * * *
You slash the wolf! You burn the wolf.
You feel the power of Trog in you as your rage grows.
You kill the wolf!
Trog accepts your kill. The death yak gores you!
* * * LOW HITPOINT WARNING * * *
The death yak gores you!
* * * LOW HITPOINT WARNING * * *
You slice the death yak!! You burn the death yak. You headbutt the death yak!
The death yak is heavily wounded.
You hit the death yak but do no damage. You headbutt the death yak!!
The death yak is heavily wounded.
The death yak gores you.
* * * LOW HITPOINT WARNING * * *
The death yak gores you!
You die...

..########. ##... .....
...#..... ####'# .....#
#......###..... ......
##.....##......
......####....#.......#.
..≈≈≈≈≈............##...
.≈≈≈≈≈≈≈.P......#.......
.≈≈≈≈≈≈.........#...8...
.≈≈≈≈≈.@Y.......#.....<.
.≈≈≈≈≈..Y.......#...8...
.≈≈≈≈≈≈≈.#.......#......
.≈≈≈≈≈≈≈≈....##..#.#....
..≈≈≈≈≈≈.≈##..##....####
.#..≈≈.≈##########.. .
###...## ##. . ...P ..
.#


You could see 2 death yaks.

Vanquished Creatures
  Gastronok (Lair:2)
  Erolcha (D:10)
  Erica (D:8)
  A black mamba (Lair:2)
  Joseph (D:7)
  Psyche (D:9)
  Prince Ribbit (D:8)
  A troll (D:10)
  A hippogriff (Lair:1)
  Sigmund (D:5)
  A vampire (D:10)
  Eustachio (D:5)
  2 soldier ants (D:8)
  3 water moccasins
  Duvessa (D:4)
  3 sky beasts
  An orc warrior (D:10)
  7 wolves
  5 ogres
  3 crocodiles
  5 bullfrogs
  Dowan (D:4)
  3 scorpions
  5 wights (D:6)
  4 crimson imps
  3 hounds
  4 jellies
  A centaur zombie (D:5)
  4 orc priests
  A centaur skeleton (D:5)
  3 iguanas
  Terence (D:2)
  7 hell rats (Lair:1)
  5 orc wizards
  8 worker ants
  A killer bee zombie (D:7)
  A hound zombie (D:9)
  A hound skeleton (D:6)
  8 mummies (Ossuary)
  A worker ant zombie (D:10)
  13 adders
  3 gnolls (D:6)
  A shadow imp (D:5)
  8 oozes
  An adder zombie (D:9)
  A worm (D:2)
  2 dart slugs
  3 leopard geckos
  32 orcs
  7 bats
  3 giant cockroaches
  3 gnoll zombies (Ossuary)
  13 goblins
  9 hobgoblins
  14 jackals
  A ball python (D:3)
  8 frilled lizards
  2 hobgoblin zombies (Ossuary)
  A jackal skeleton (D:6)
  10 kobolds
  3 kobold zombies (Ossuary)
  A leopard gecko skeleton (D:7)
  6 rats
249 creatures vanquished.

Vanquished Creatures (others)
  2 fungi (D:6)
2 creatures vanquished.

Grand Total: 251 creatures vanquished

Notes
Turn   | Place    | Note
-------+----------+-------------------------------------------
     0 | D:1      | teukkam the Minotaur Berserker began the quest for the Orb.
     0 | D:1      | Reached XP level 1. HP: 19/19 MP: 0/0
   170 | D:1      | Reached skill level 4 in Fighting
   172 | D:1      | Reached XP level 2. HP: 9/27 MP: 1/1
   966 | D:2      | Reached XP level 3. HP: 34/34 MP: 2/2
  1006 | D:2      | Reached skill level 1 in Maces & Flails
  1041 | D:2      | Reached ** piety under Trog
  1272 | D:2      | Reached skill level 5 in Fighting
  1272 | D:2      | Reached XP level 4. HP: 34/42 MP: 3/3
  1553 | D:2      | Noticed Terence
  1563 | D:2      | Killed Terence
  1788 | D:3      | Found a burning altar of Makhleb.
  1794 | D:3      | Reached XP level 5. HP: 49/49 MP: 4/4
  2009 | D:3      | Reached *** piety under Trog
  2053 | D:3      | Reached skill level 6 in Fighting
  2053 | D:3      | Reached skill level 1 in Slings
  2536 | D:4      | Found a glowing silver altar of Zin.
  2559 | D:4      | Noticed Duvessa
  2560 | D:4      | Noticed Dowan
  2565 | D:4      | Killed Duvessa
  2565 | D:4      | Reached XP level 6. HP: 58/58 MP: 5/5
  2567 | D:4      | Killed Dowan
  2789 | D:4      | Upgraded the game from 0.22.0-27-ga576289 to 0.22.0-38-g04b72b8
  3239 | D:4      | Reached skill level 5 in Maces & Flails
  3239 | D:4      | Reached XP level 7. HP: 32/64 MP: 6/6
  3241 | D:4      | Reached skill level 7 in Fighting
  3242 | D:4      | Reached **** piety under Trog
  3452 | D:5      | Entered Level 5 of the Dungeon
  3547 | D:5      | Found a staircase to the Ecumenical Temple.
  3606 | D:5      | Found a sand-covered staircase.
  3621 | Ossuary  | Entered an ossuary
  4023 | D:5      | Noticed Sigmund
  4027 | D:5      | Killed Sigmund
  4027 | D:5      | Reached XP level 8. HP: 74/74 MP: 7/7
  4069 | D:5      | Reached skill level 8 in Fighting
  4085 | D:5      | Found a bloodstained altar of Trog.
  4228 | D:5      | Noticed Eustachio
  4252 | D:5      | Killed Eustachio
  4252 | D:5      | Reached skill level 5 in Slings
  4595 | D:5      | Reached ***** piety under Trog
  5182 | D:8      | Noticed Erica
  5187 | D:8      | Killed Erica
  5187 | D:8      | Reached skill level 9 in Fighting
  5187 | D:8      | Reached XP level 9. HP: 84/84 MP: 8/8
  5272 | D:6      | Reached skill level 1 in Long Blades
  5286 | D:6      | Found Qapnaz's Antique Armour Shoppe.
  5297 | D:6      | Bought a runed chain mail for 120 gold pieces
  5348 | D:6      | Found a white marble altar of Elyvilon.
  5521 | D:6      | Received a gift from Trog
  5566 | D:6      | HP: 2/85 [iguana (9)]
  5583 | D:6      | Reached skill level 10 in Fighting
  6577 | D:7      | Found Jacsim's Book Shoppe.
  6591 | D:7      | Found a shadowy altar of Dithmenos.
  6602 | D:7      | Found an ornate altar of the Wu Jian Council.
  6859 | D:7      | Noticed Joseph
  6865 | D:7      | Killed Joseph
  6876 | D:7      | Got a ripped robe
  6887 | D:7      | Identified the +1 robe of the Four People {rPois Int-3 SInv} (You found it on level 7 of the Dungeon)
  6887 | D:7      | Lost intelligence.
  6889 | D:7      | Gained mutation: Your spells are a little harder to cast, but a little more powerful. [potion of mutation]
  6889 | D:7      | Gained mutation: You have sharp toenails. [potion of mutation]
  6889 | D:7      | Gained mutation: You are partially covered in large bone plates. (SH +4) [potion of mutation]
  6889 | D:7      | Gained mutation: You evolve. [potion of mutation]
  7072 | D:7      | Found a radiant altar of Vehumet.
  7078 | D:7      | Received a gift from Trog
  7078 | D:7      | Reached skill level 5 in Long Blades
  7399 | D:7      | Gained mutation: Your spells are harder to cast, but more powerful. [evolution]
  7933 | D:8      | Found a viscous altar of Jiyva.
  8000 | D:8      | Noticed Prince Ribbit
  8006 | D:8      | Killed Prince Ribbit
  8006 | D:8      | Reached XP level 10. HP: 92/94 MP: 9/9
  8647 | D:9      | Noticed Psyche
  8653 | D:9      | Killed Psyche
  8653 | D:9      | Reached skill level 11 in Fighting
  8948 | D:10     | Entered Level 10 of the Dungeon
  8972 | D:10     | Found the +5 demon whip "Spellbinder" {antimagic, MR+}
  9013 | D:10     | Noticed Erolcha
  9024 | D:10     | Killed Erolcha
  9217 | D:10     | Found a staircase to the Lair.
  9230 | Lair:1   | Entered Level 1 of the Lair of Beasts
  9331 | Lair:2   | Noticed a black mamba
  9333 | Lair:2   | Reached skill level 12 in Fighting
  9431 | Lair:2   | Reached skill level 10 in Slings
  9587 | Lair:2   | Noticed Gastronok
  9601 | Lair:2   | Killed Gastronok
  9601 | Lair:2   | Reached XP level 11. HP: 99/105 MP: 10/10
  9926 | Lair:3   | Noticed a death yak
  9926 | Lair:3   | Noticed a death yak
  9927 | Lair:3   | Noticed Sonja
  9928 | Lair:3   | Noticed a death yak
  9929 | Lair:3   | Noticed a death yak
  9935 | Lair:2   | HP: 3/157 [death yak (12)]
  9937 | Lair:2   | Mangled by a death yak

Skill      XL: |  1  2  3  4  5  6  7  8  9 10 11 |
---------------+----------------------------------+-----
Fighting       | 4 5 6 7 9 10 12 | 12.6
Axes           | 4 |  4.3
Maces & Flails | 2 3 4 5 6 8 |  8.3
Slings         | 2 3 4 6 8 10 | 10.6
Long Blades    | 5 8 9 |  9.0
Armour         | |  2.4
Dodging        | |  2.1

Action                   |  1- 3 |  4- 6 |  7- 9 | 10-12 || total
-------------------------+-------+-------+-------+-------++-------
Melee: Hand axe          |    28 |       |       |       ||    28
       Headbutt          |     6 |    23 |    45 |    30 ||   104
       Whip              |    62 |    53 |       |       ||   115
       Flail             |       |   100 |    93 |       ||   193
       Hunting sling     |       |       |     1 |       ||     1
       Scimitar          |       |       |   120 |    95 ||   215
       Kick              |       |       |    11 |    41 ||    52
 Fire: Hunting sling     |       |    16 |   129 |     5 ||   150
Throw: Throwing net      |       |     1 |       |     1 ||     2
       Tomahawk          |       |       |     3 |       ||     3
Invok: Berserk           |       |     3 |     7 |     6 ||    16
Evoke: Wand              |       |       |       |     2 ||     2
  Use: Scroll            |       |       |    10 |     2 ||    12
       Potion            |       |       |    13 |     2 ||    15
 Stab: Invisible         |       |       |     1 |     1 ||     2
  Eat: Chunk             |     1 |     8 |    12 |     7 ||    28
       Ration            |       |       |     3 |     2 ||     5
Armor: Leather armour    |    26 |     1 |       |       ||    27
       Chain mail        |       |    83 |   113 |    28 ||   224
       Robe              |       |       |     1 |       ||     1
       Troll leather arm |       |       |       |    12 ||    12
Dodge: Dodged            |    75 |    82 |   102 |    78 ||   337
Block: Other             |       |       |     4 |    24 ||    28
       Rpst.: Scimitar   |       |       |    15 |    26 ||    41
